[Event "GrandPrix_29.05"]
[Site "Chess.com"]
[Date "2020.05.29"]
[Round "2"]
[White "farhadtahirov"]
[Black "IljaJoke"]
[Result "0-1"]
[WhiteElo "1968"]
[BlackElo "2320"]
[TimeControl "600+2"]
[EndTime "9:58:47 PDT"]
[Termination "IljaJoke won by resignation"]

1. c4 g6 2. Nc3 Bg7 3. Nf3 c5 4. g3 Nc6 5. Bg2 d6 6. O-O Rb8 7. Rb1 a6 8. a3 b5 9. cxb5 axb5 10. b4 cxb4 11. Nd5 bxa3 12. Bxa3 Bd7 13. Qb3 Nh6 14. Bb2 O-O 15. Bxg7 Kxg7 16. Rfc1 f6 17. Rxc6 Bxc6 18. Nd4 Bd7 19. Nf4 Qb6 20. Nde6+ Kh8 21. Nxf8 Rxf8 22. Nd5 Qd8 23. Ra1 e6 24. Nf4 d5 25.
Ra7 Rf7 26. Qa3 Kg7 27. Nd3 Be8 28. Nc5 Qd6 29. Bh3 Nf5 30. Bxf5 gxf5 31. Ra8 Re7 32. d4 e5 33. e3 h5 34. Ra7 Rxa7 35. Qxa7+ Kg6 36. Qa8 Bf7 37. Qb7 h4 38. gxh4 exd4 39. exd4 Be8 40. Nd3 f4 41. h5+ Kh6 42. Qc8 Qd7 43.
Qxd7 Bxd7 44. Nxf4 b4 45. Nd3 b3 46. Kg2 Bf5 47.
Nb2 Kxh5 48. Kg3 Bc2 49. h4 Kg6 50. Na4 Kf5 51. Kf3 Bd1+ 52. Ke3 Kg4 53. Nb2 Bc2 54. Na4 Kxh4 55. Kf4 Kh3 56. Kf3 Kh2 57. Nb2 Kg1 58. Ke3 Kf1 59. Na4 Kg2 60. Nb2 f5 61. f4 Kf1 62. Na4 Ke1 63. Nb2 Be4 64. Nd3+ Bxd3 65.
Kxd3 b2 66. Kc2 b1=Q+ 67. Kxb1 Kd2 68. Kb2 Kd3 69. Kb3 Kxd4 70. Kc2 Ke3 71. Kd1 Kxf4 72. Ke1 Ke3 73. Kd1 d4 0-1

[Event "GrandPrix_29.05"]
[Site "Chess.com"]
[Date "2020.05.29"]
[Round "2"]
[White "Dedic8"]
[Black "bsnsun"]
[Result "0-1"]
[WhiteElo "1953"]
[BlackElo "2181"]
[TimeControl "600+2"]
[EndTime "9:58:47 PDT"]
[Termination "bsnsun won by resignation"]

1. e4 c5 2. Nf3 d6 3. d4 cxd4 4.
Nxd4 Nf6 5. Nc3 a6 6. h3 e6 7. g4 h6 8. Bg2 g5 9. b3 Nbd7 10. Bb2 Ne5 11. Qd2 Be7 12. O-O-O Qc7 13. Kb1 b5 14. f4 gxf4 15. Qxf4 Bb7 16. Rhf1 Nfd7 17. Nce2 Rc8 18. Qg3 Nc5 19. Nf4 Bxe4 20. Nfxe6 fxe6 21. Nxe6 Bxc2+ 22. Kxc2 Nxe6+ 23. Kb1 Rf8 24. Be4 Rxf1 25.
Rxf1 Nc5 26. Bf5 Rd8 27. h4 Bf8 28. g5 hxg5 29. Qxg5 Qg7 30. Qh5+ Ke7 31. Bc1 Ne6 32. Qe2 Rc8 33. Qe4 Rc7 34. Qd5 Qf6 35. Bh3 Qg6+ 36. Bf5 Qf6 37. Qxe6+ Qxe6 38. Bxe6 Kxe6 39. Rxf8 Rh7 40.
Bg5 Nf7 41. Re8+ Kd5 42. Rg8 b4 43. Kc2 Ne5 44. Ra8 Rc7+ 45. Kd2 Nf3+ 46. Ke3 Ne5 47. Rxa6 Rc3+ 48. Ke2 Rc2+ 49. Kd1 Rg2 50. Rb6 Nd3 51.
Rb5+ Ke4 52. Rb6 Rg1+ 53. Ke2 Rg2+ 54. Kf1 Rxa2 55. h5 Rh2 56. h6 Kf3 57. Kg1 Rg2+ 58. Kf1 Rxg5 59. Rxd6 Nf4 60. Rd4 Rh5 61. Ke1 Rxh6 62.
Kd2 Rh2+ 63. Kd1 Ke3 64. Rxb4 Nd3 0-1

[Event "GrandPrix_29.05"]
[Site "Chess.com"]
[Date "2020.05.29"]
[Round "2"]
[White "XeresLt"]
[Black "temus_galaktionov"]
[Result "0-1"]
[WhiteElo "1736"]
[BlackElo "2166"]
[TimeControl "600+2"]
[EndTime "9:58:47 PDT"]
[Termination "temus_galaktionov won by resignation"]

1. e4 c6 2. d4 g6 3. Nf3 Bg7 4.
Bd3 d6 5. O-O Nd7 6. a4 e5 7. c3 Ngf6 8. Nbd2 O-O 9. b3 Re8 10.
Bb2 Qc7 11. Re1 b6 12. Nf1 Nh5 13. Rc1 Nf4 14. Bb1 Ba6 15. c4 Bb7 16. Ne3 a6 17. b4 exd4 18. Bxd4 Bxd4 19. Qxd4 c5 20. bxc5 Nxc5 21. Ng4 Re6 22. Nh6+ Kf8 23. Qh8+ Ke7 24. Qxh7 Rf8 25. Nd4 Re5 26. Ng8+ Kd7 27. g3 Nfd3 28. f4 Nxc1 29. fxe5 dxe5 30. Qg7 Qd6 31. Nf3 N1b3 32.
Nxe5+ Kc7 33. Nf6 Ne6 34. Qh6 Qxe5 35. Nd5+ Kb8 36. Qe3 Qd4 37. Nxb6 Nbc5 38. Qxd4 Nxd4 39. Rd1 Rd8 40. Nd5 Nf3+ 41. Kf2 Ne5 42. Ke3 Nxa4 43.
Kd4 Nc6+ 44. Ke3 Ne5 45. Kd4 Nxc4 46. Bc2 Nab2 47. Rb1 Bc6 48. Bd3 Bb5 49. Bxc4 Nxc4 50. Kc5 Rc8+ 51. Kd4 Ka7 52. Rf1 Nd6 53. Rf6 Rc6 54. e5 Nf5+ 55. Ke4 Rxf6 56. Nxf6 Bc6+ 57. Kf4 Nd4 58. Ng4 Ne6+ 59. Ke3 Kb6 60. Nh6 Nd8 61.
g4 a5 62. h4 a4 63. Kd4 Bd7 64. h5 Nc6+ 65. Kc3 Nxe5 66. Nxf7 Nxf7 67. hxg6 Nh6 68. g5 Ng8 69. Kb4 Ka6 70. g7 Kb6 71. Ka3 Kb5 72.
Kb2 Kb4 73. Ka1 Be6 74. Kb1 Ne7 75. Ka1 Nf5 76. Kb1 Nxg7 0-1

[Event "GrandPrix_29.05"]
[Site "Chess.com"]
[Date "2020.05.29"]
[Round "2"]
[White "RussianChessFighter"]
[Black "Winawer81"]
[Result "1-0"]
[WhiteElo "2130"]
[BlackElo "2078"]
[TimeControl "600+2"]
[EndTime "9:58:48 PDT"]
[Termination "RussianChessFighter won by resignation"]

1. c4 e5 2. Nc3 Nf6 3. g3 Nc6 4.
Bg2 Bc5 5. Nf3 d6 6. O-O a6 7. d3 h6 8. a3 Ba7 9. b4 Ne7 10. Bb2 O-O 11. e3 Ng6 12. d4 exd4 13. exd4 Be6 14. c5 d5 15. Re1 c6 16. a4 Qd7 17. Qd2 Rfe8 18. Ne5 Nxe5 19. dxe5 Nh7 20.
Rad1 a5 21. Ne2 Bh3 22. Bh1 axb4 23. Qxb4 Ng5 24. Nf4 Bg4 25. Rd3 Bf5 26. Rdd1 Qe7 27. Bd4 Ne4 28. Rc1 Bb8 29. Bxe4 Bxe4 30. Bc3 Ba7 31. Bd4 Qd7 32. Re3 Bb8 33. f3 Bf5 34. Bc3 Ra7 35. Qd4 Be6 36. Nh5 Qe7 37. g4 Qg5 38. h3 Rxa4 39. Qd2 d4 40. Bxd4 Rd8 41. f4 Qh4 42. Rd3 Ra2 43. Rc2 Rxc2 44. Qxc2 Bf5 45. gxf5 Qxh5 46. f6 g6 47. Qd2 Qf5 48. Kh2 Bc7 49.
Qe3 Rd5 50. Rd2 Qd7 51. Bc3 Rxd2+ 52. Qxd2 Qxd2+ 53. Bxd2 b6 54. cxb6 Bxb6 55. Kg2 Kf8 56. Kf3 Ke8 57. Ke4 Kd7 58. f5 gxf5+ 59. Kxf5 h5 60. Bb4 c5 61. Bc3 c4 62. e6+ fxe6+ 63. Kg6 Bc5 64. f7 Bf8 65. Kxh5 Kc6 66. Kg6 Kd7 67. h4 Kc6 68. h5 Kd5 69. h6 e5 70.
h7 e4 71. h8=Q 1-0

[Event "GrandPrix_29.05"]
[Site "Chess.com"]
[Date "2020.05.29"]
[Round "2"]
[White "guylevin1"]
[Black "PresidenteMNE"]
[Result "0-1"]
[WhiteElo "2113"]
[BlackElo "2423"]
[TimeControl "600+2"]
[EndTime "9:58:52 PDT"]
[Termination "PresidenteMNE won by resignation"]

1. c4 e6 2. g3 f5 3. Bg2 Nf6 4. d4 Bb4+ 5. Bd2 Be7 6. Nc3 O-O 7. Nf3 d6 8. O-O Qe8 9. Qc2 Qh5 10. e4 fxe4 11.
Nxe4 Nxe4 12. Qxe4 Nc6 13. d5 exd5 14. cxd5 Ne5 15. Nxe5 dxe5 16. Bc3 Bd6 17. Rae1 Bf5 18. Qe3 Rae8 19. Qd2 b6 20. Re3 Rf6 21. Rfe1 Bg4 22. Bb4 Ref8 23. Bxd6 cxd6 24. Rf1 g5 25. Be4 Bh3 26. Rc1 Bg4 27. Rf1 Rh6 28. f3 Bh3 29. Rf2 g4 30. fxg4 Bxg4 31. Rxf8+ Kxf8 32. Qf2+ Kg7 33. Rc3 Rf6 34. Rc7+ Rf7 35. Qc2 Bd7 36. Qd2 h6 37.
Rc1 Qg4 38. Qe3 Bb5 39. Bg2 Qd4 40. Qxd4 exd4 41. Rd1 d3 42. Be4 Bc4 43. Bxd3 Bxd5 44. Bg6 Kxg6 45. Rxd5 Rf6 46. g4 Kf7 47. Kg2 Ke6 48.
Rd2 d5 49. h4 Ke5 50. Kg3 Ke4 51. g5 hxg5 52. hxg5 Rf3+ 53. Kg4 Rf4+ 54. Kh5 Rf1 55.
g6 Rg1 56. Kh6 d4 57. g7 Ke3 58. Rh2 d3 59. Rh5 d2 60. Re5+ Kd4 61. Re8 Kd3 62.
Rd8+ Kc2 63. b4 d1=Q 64. Rxd1 Kxd1 65. Kh7 Kc2 66. g8=Q Rxg8 67. Kxg8 Kc3 68. Kf7 Kxb4 69. Ke6 Ka3 0-1

[Event "GrandPrix_29.05"]
[Site "Chess.com"]
[Date "2020.05.29"]
[Round "2"]
[White "Thor736"]
[Black "Hero_in_my_life"]
[Result "1/2-1/2"]
[WhiteElo "2003"]
[BlackElo "2172"]
[TimeControl "600+2"]
[EndTime "9:58:55 PDT"]
[Termination "Game drawn - insufficient material"]

1. Nf3 d5 2. d4 Nf6 3. c4 e6 4.
Nc3 Be7 5. cxd5 exd5 6. Bf4 c6 7. e3 Bf5 8. Bd3 Bxd3 9. Qxd3 Nbd7 10. h3 h6 11. O-O O-O 12. Rab1 a5 13. Rfc1 Re8 14.
Ne5 Nxe5 15. Bxe5 a4 16. Qc2 b5 17. Ne2 Rc8 18. Ng3 Bd6 19. Bxd6 Qxd6 20. Qf5 g6 21.
Qf3 Kg7 22. Rc2 h5 23. h4 a3 24. b3 c5 25. dxc5 Rxc5 26. Rbc1 Rec8 27. Qd1 Rxc2 28. Rxc2 Rxc2 29. Qxc2 Qe5 30. Ne2 Qb2 31. Nd4 Qa1+ 32. Kh2 Ng4+ 33. Kg3 Qh1 34. Nf3 Qa1 35. Qd2 Qb2 36.
Qd4+ Kg8 37. Qxb2 axb2 38. Nd2 b4 39. Nb1 Kf8 40. Kf3 f6 41. Ke2 Ke7 42. f3 Ne5 43.
Kd2 g5 44. hxg5 fxg5 45. a3 bxa3 46. Nxa3 Ng6 47. Ke2 h4 48. b4 Kd6 49. Kd2 Ne5 50. Ke2 Nc4 51. Nb1 Kc6 52. Kd3 Ne5+ 53. Kc2 Nxf3 54. Kxb2 Ne1 55. Nc3 Nxg2 56. b5+ Kc5 57. b6 Kxb6 58. Nxd5+ Kc5 59. Nf6 Nxe3 60. Kc3 h3 61.
Kd3 h2 62. Ne4+ Kd5 63. Ng3 Nf5 64. Nh1 g4 65. Ke2 g3 66. Kf3 Ke5 67. Kg2 Kf4 68. Nxg3 Nxg3 69. Kxh2 1/2-1/2

[Event "GrandPrix_29.05"]
[Site "Chess.com"]
[Date "2020.05.29"]
[Round "2"]
[White "Msb2"]
[Black "AlexVanGog"]
[Result "1-0"]
[WhiteElo "2258"]
[BlackElo "2159"]
[TimeControl "600+2"]
[EndTime "9:58:56 PDT"]
[Termination "Msb2 won by resignation"]

1. d4 Nf6 2. c4 e6 3. Nc3 Bb4 4.
e3 O-O 5. Bd2 d5 6. Nf3 b6 7. cxd5 exd5 8. Bd3 Bb7 9. O-O Nbd7 10. Rc1 Be7 11. Qc2 c5 12. Ne5 g6 13. f4 Rc8 14.
Qb1 a6 15. a4 c4 16. Be2 Bb4 17. b3 Bxc3 18. Bxc3 cxb3 19. Qxb3 Re8 20. Bf3 Nf8 21. Rb1 N8d7 22. Bd2 Re6 23. Be1 Ne4 24. Bxe4 dxe4 25. Nxf7 Kxf7 26. f5 gxf5 27. Rxf5+ Nf6 28. Bh4 Bd5 29.
Bxf6 Bxb3 30. Bxd8+ Kg6 31. Rg5+ Kh6 32. Rg8 Rc3 33.
Bg5+ Kh5 34. Rf1 Rg6 35. Rxg6 Kxg6 36. h4 b5 37. Rf6+ Kg7 38. a5 Bd5 39. Rxa6 b4 40.
Rb6 b3 41. a6 Rc2 42. Kh2 Ra2 43. Kg3 Bc4 44. Kf4 Rxa6 45. Rb7+ Kg8 46. Kxe4 Re6+ 47.
Kf4 Bd5 48. Rb5 Bc4 49. Rb4 Bd5 50. Kf5 h6 51. Bf6 Kf7 52. Be5 Rg6 53. e4 Be6+ 54. Kf4 Rxg2 55. d5 Bd7 56. Rxb3 Rg4+ 57. Kf3 Rxh4 58. Rb7 Ke8 59. Bf6 Rh1 60. Kf4 h5 61. e5 Re1 62. e6 Bxe6 63. Re7+ Kf8 64. Rxe6 Rd1 65. Ke5 Re1+ 66. Kd6 Rd1 67. Re5 Kf7 68. Bd8 Kg6 69. Rg5+ Kh6 70. Rg8 Kh7 71. Rg2 Ra1 72. Kc6 Rc1+ 73. Kd7 1-0

[Event "GrandPrix_29.05"]
[Site "Chess.com"]
[Date "2020.05.29"]
[Round "2"]
[White "grunbergmihai"]
[Black "Aliakbarov_Anar"]
[Result "1/2-1/2"]
[WhiteElo "1707"]
[BlackElo "2105"]
[TimeControl "600+2"]
[EndTime "9:59:01 PDT"]
[Termination "Game drawn - insufficient material"]

1. Nf3 d5 2. c4 e6 3. g3 Nf6 4. Bg2 Be7 5. O-O O-O 6. d4 dxc4 7.
Qc2 c6 8. Qxc4 b5 9. Qb3 Bb7 10. Nc3 a6 11. Rd1 Nbd7 12. a4 b4 13. Na2 c5 14.
Bg5 Bd5 15. Qe3 c4 16. Bxf6 Nxf6 17. Ne5 Rc8 18. Nc1 a5 19. Qd2 Bxg2 20. Kxg2 c3 21.
bxc3 Ne4 22. Qd3 Nxc3 23. Rd2 Nxa4 24. Rxa4 Rxc1 25. Qb5 Qc8 26. Rxa5 Qc3 27. Qd3 Bd6 28. Nf3 Rb8 29. Rb5 Rc8 30. d5 Qxd3 31. Rxd3 exd5 32.
Rbxd5 Bf8 33. Rd8 f6 34. Rxc8 Rxc8 35. Nd4 Kf7 36. Kf3 Rd8 37. Nb3 Rc8 38. Ke3 Rc2 39. Rd2 Rc3+ 40. Rd3 Rc2 41. f4 f5 42. Kf3 g6 43. h3 h5 44. e4 fxe4+ 45. Kxe4 Rc3 46. Rxc3 bxc3 47. Kd3 Bg7 48. Nc5 Ke7 49. Ne4 Bh6 50. h4 Bg7 51. Nf2 Ke6 52. g4 hxg4 53. Nxg4 Kf5 54.
Ne3+ Kxf4 55. Nd5+ Kg4 56. Ne7 Kh5 57. Kc2 Bf6 58.
Nd5 Be5 59. Ne7 Bf6 60. Nd5 Bd4 61. Ne7 Bg7 62. Kd3 Bf6 63. Nd5 Bxh4 64. Nf4+ Kg5 65. Nxg6 Kxg6 66. Kxc3 1/2-1/2

[Event "GrandPrix_29.05"]
[Site "Chess.com"]
[Date "2020.05.29"]
[Round "2"]
[White "tigra"]
[Black "Chessialist"]
[Result "1/2-1/2"]
[WhiteElo "2545"]
[BlackElo "2335"]
[TimeControl "600+2"]
[EndTime "9:59:07 PDT"]
[Termination "Game drawn - insufficient material"]

1. e4 c5 2. Nf3 Nc6 3. d4 cxd4 4. Nxd4 Qb6 5. Nb3 Nf6 6. Nc3 e6 7. Be3 Qc7 8. a3 a6 9. f4 d6 10. g4 b5 11. Bg2 Bb7 12. Qe2 Be7 13. h4 h5 14. g5 Ng4 15. Bg1 b4 16. axb4 Nxb4 17. Na5 O-O 18. Nxb7 Qxb7 19. Na4 Qb5 20. c4 Qb7 21.
Rh3 Rac8 22. Rb3 a5 23. Nb6 Rc6 24. c5 dxc5 25. Nc4 Ra6 26. e5 Qc7 27. Na3 Qa7 28.
Nb5 Qb6 29. Nc3 a4 30. Rxa4 Rxa4 31. Nxa4 Qa5 32. Nc3 Qa1+ 33. Qd1 Nd3+ 34. Kf1 Qxd1+ 35. Nxd1 Nxf4 36. Rb7 Re8 37. Bc6 Rd8 38. Nc3 Nxe5 39. Rxe7 Nxc6 40. Rc7 Ne5 41. Bxc5 Rd2 42. Ne4 Rd1+ 43.
Kf2 Ned3+ 44. Ke3 Nd5+ 45. Ke2 Re1+ 46. Kxd3 Nxc7 47. b4 Nd5 48. b5 Rb1 49. Nd6 Nf4+ 50. Kc4 Ng6 51. Bd4 Nxh4 52. b6 Nf3 53. b7 Rxb7 54.
Nxb7 Nxg5 55. Nd6 f6 56. Bf2 Kh7 57. Kd3 Kg6 58. Ne8 Nf7 59. Ke4 Ng5+ 60. Ke3 e5 61. Be1 f5 62. Bc3 f4+ 63. Ke2 Nf7 64. Kf3 h4 65. Kg4 h3 66. Kxh3 Kf5 67. Nxg7+ Ke4 68. Kg2 Ng5 69. Nh5 Kf5 70. Kf1 e4 71. Bd2 e3 72.
Bc1 Ke4 73. Nxf4 Kxf4 74. Bxe3+ 1/2-1/2

[Event "GrandPrix_29.05"]
[Site "Chess.com"]
[Date "2020.05.29"]
[Round "2"]
[White "Karateloru"]
[Black "Vuk2000"]
[Result "1-0"]
[WhiteElo "2151"]
[BlackElo "2139"]
[TimeControl "600+2"]
[EndTime "9:59:11 PDT"]
[Termination "Karateloru won by resignation"]

1. e4 e6 2. Nf3 d5 3. Nc3 Nf6 4. e5 Nfd7 5. d4 c5 6. dxc5 Bxc5 7. Bd3 Nc6 8. Bf4 h6 9. h4 a6 10. a3 b5 11. Qd2 Nd4 12. Nxd4 Bxd4 13. Bxb5 Qb6 14. Bxd7+ Bxd7 15. O-O Rc8 16. Ne2 Bc5 17. b4 Be7 18. g3 Rc4 19. c3 Qc7 20. Rfe1 Bc6 21.
Nd4 Ba4 22. Rac1 Kd7 23. h5 Rc8 24. Re3 a5 25. Rd3 axb4 26. axb4 Bxb4 27. Ra1 Rxd4 28. Rxa4 Rxd3 29. Qxd3 Bxc3 30. Qe3 Qc6 31. Ra2 d4 32.
Qd3 Rb8 33. Kh2 Rb2 34. Ra7+ Rb7 35. Ra6 Rb6 36. Ra7+ Rb7 37. Ra6 Qb5 38. Rd6+ Kc7 39. Qh7 Qe2 40. Qxg7 Qxh5+ 41. Kg2 Rb1 42. Qxh6 Qe2 43.
Qh7 Qf1+ 44. Kf3 Qd1+ 45. Kg2 Qf1+ 46. Kf3 Qh1+ 47. Qxh1 Rxh1 48. Ke2 Rb1 49. f3 Rb2+ 50. Kd3 Rf2 51. Ke4 Re2+ 52. Kd3 Rf2 53. Ke4 Rf1 54. g4 Re1+ 55. Kd3 Rf1 56. Ke2 Re1+ 57. Kf2 Ra1 58. Bg5 Ra2+ 59. Kg3 Ra5 60. Bf4 Ra4 61. g5 Bb4 62. g6 Bxd6 63. exd6+ Kd7 64. gxf7 Ra8 65. Bh6 d3 66. Kf2 d2 67. Ke2 d1=Q+ 68. Kxd1 Kxd6 1-0

[Event "GrandPrix_29.05"]
[Site "Chess.com"]
[Date "2020.05.29"]
[Round "2"]
[White "caspiwins"]
[Black "mishikomchedlishvili"]
[Result "0-1"]
[WhiteElo "1990"]
[BlackElo "1831"]
[TimeControl "600+2"]
[EndTime "9:59:14 PDT"]
[Termination "mishikomchedlishvili won by resignation"]

1. e4 d6 2. d4 Nf6 3. Nc3 g6 4. Nf3 Bg7 5. Be2 O-O 6. O-O e6 7. Re1 a6 8. a4 Nc6 9. a5 e5 10. d5 Ne7 11. Be3 Ng4 12. Bg5 f5 13. Nd2 Nf6 14.
f3 h6 15. Be3 f4 16. Bf2 g5 17.
g4 fxg3 18. hxg3 h5 19. Nc4 Qe8 20. Qd2 Qg6 21. Be3 Bh6 22. Kg2 Kg7 23. Rh1 Bd7 24.
Raf1 Rf7 25. b4 Raf8 26. Rf2 Neg8 27. Bd3 Nh7 28. Rhf1 Ngf6 29. Rh1 Ng8 30. Rhf1 Rf6 31. Be2 Ne7 32. Rh1 Qf7 33. Rff1 Ng6 34. Nd1 h4 35. g4 Qe7 36. Kg1 Kg8 37. Rf2 R6f7 38. Qc3 Bg7 39. Bd2 Nf4 40. Bf1 c6 41. dxc6 bxc6 42. Nb6 d5 43. Qc5 Qe8 44. Nxd7 Qxd7 45. Ne3 Nf6 46. exd5 cxd5 47. Nf5 e4 48. Bxf4 gxf4 49.
Rxh4 exf3 50. Bd3 Ne4 51. Bxe4 dxe4 52. Qc4 Re8 53. Rhh2 Qe6 54. Qxe6 Rxe6 55. Rd2 e3 56. Rd8+ Bf8 57. Kf1 Rc6 58. Nd4 Rd6 59. Rxd6 Bxd6 60. c3 Be5 61. Nxf3 Bxc3 62. Ke2 Bxb4 63. Rh6 Rc7 64. Nd4 Rc4 65. Kd3 Rc3+ 66. Ke2 Bc5 67.
Nf3 Rc2+ 68. Kd3 Rf2 69. Ng1 Rf1 70. Ne2 f3 71. Ng3 Rd1+ 72. Ke4 e2 73. Rg6+ Kf7 0-1

[Event "GrandPrix_29.05"]
[Site "Chess.com"]
[Date "2020.05.29"]
[Round "2"]
[White "kostasam18"]
[Black "Happy1712Drummer"]
[Result "1-0"]
[WhiteElo "2068"]
[BlackElo "2188"]
[TimeControl "600+2"]
[EndTime "9:59:15 PDT"]
[Termination "kostasam18 won by checkmate"]

1. e4 Nf6 2. e5 Nd5 3. d4 d6 4. c4 Nb6 5. exd6 exd6 6. Nc3 Be7 7. Bd3 O-O 8. Nge2 Bg4 9. f3 Bh5 10. O-O Bg6 11. b3 Nc6 12. Be3 Bf6 13. Bxg6 hxg6 14.
Qd2 Re8 15. Rad1 d5 16. c5 Nc8 17. Nf4 N8e7 18. Rfe1 Qd7 19. a3 a6 20. b4 Nf5 21.
Ncxd5 Bxd4 22. Bxd4 Nfxd4 23. Nc3 Rxe1+ 24. Qxe1 Re8 25. Qf2 Qe7 26. Nfd5 Qg5 27. Nxc7 Rd8 28. b5 axb5 29. N7xb5 Qxc5 30. Kh1 b6 31. a4 Qb4 32. Rb1 Nxb5 33.
Rxb4 Nxc3 34. Rxb6 Rd1+ 35. Qg1 Rxg1+ 36. Kxg1 Ne2+ 37. Kf2 Ned4 38. Ke3 Kf8 39. Ke4 Ke7 40. Kd5 Kd7 41. Rb7+ Kc8 42. Rxf7 Nd8 43. Rxg7 Nf5 44. Rh7 Ne3+ 45. Ke5 Nxg2 46. Kf6 Ne1 47. f4 Nd3 48. Rh4 Nc5 49. Kxg6 Nxa4 50. f5 Nc5 51. f6 Kd7 52. Rd4+ Ke8 53. h4 Nce6 54. Re4 Kf8 55.
h5 Kg8 56. f7+ Kh8 57. h6 Nf8+ 58. Kf6 Kh7 59. Re8 Nd7+ 60. Ke7 Nxf7 61. Kxf7 Nb6 62. Re6 Nd5 63. Rd6 Nf4 64. Kf6 Nh5+ 65. Kg5 Ng3 66. Rd7+ Kg8 67. Kg6 Kf8 68. h7 Ne4 69. h8=Q# 1-0

[Event "GrandPrix_29.05"]
[Site "Chess.com"]
[Date "2020.05.29"]
[Round "2"]
[White "Pultis"]
[Black "gygygygygyggygygygy"]
[Result "1-0"]
[WhiteElo "2257"]
[BlackElo "2036"]
[TimeControl "600+2"]
[EndTime "9:59:17 PDT"]
[Termination "Pultis won by resignation"]

1. d4 Nf6 2. Nf3 e6 3. Bg5 c5 4.
e3 Qb6 5. Nc3 cxd4 6. exd4 Qxb2 7.
Nb5 Qb4+ 8. Bd2 Qe7 9. Nc7+ Kd8 10. Nxa8 b6 11. Qb1 Qd6 12. Ne5 Ke8 13. Be2 Bb7 14.
Bf3 Bxf3 15. gxf3 Nc6 16. Bf4 Qxd4 17. Nc7+ Kd8 18. Nxc6+ dxc6 19. Qd1 Bb4+ 20. Kf1 Qxd1+ 21. Rxd1+ Kc8 22. Na6 Be7 23. Nb8 Kb7 24. Nd7 Rd8 25. Nc5+ bxc5 26. Rxd8 Bxd8 27. c4 Nd7 28. Ke2 Be7 29. Kd3 Nb6 30. Kc3 Bf6+ 31. Kb3 Nd7 32. Rd1 Kc8 33. Be3 Be5 34. h3 f5 35. f4 Bc7 36.
Rg1 g6 37. h4 Bd6 38. h5 Nf8 39.
hxg6 Nxg6 40. Rh1 Nf8 41. Kc3 Kd7 42. Kd3 Ke7 43. Rb1 Nd7 44. Rb7 h5 45. Rxa7 h4 46.
Ke2 Bb8 47. Bxc5+ Kd8 48. Ra8 Kc7 49. Be3 Kb7 50. Ra3 c5 51. Rb3+ Kc6 52. Rb1 Bc7 53.
Rh1 Bd8 54. f3 Nb6 55. Kd3 Na4 56. Kc2 Bf6 57. Bf2 Nb2 58. Bxh4 Bxh4 59. Kxb2 Bg3 60. Kc2 Bxf4 61. Rb1 Bc7 62. a4 Ba5 63. Rb5 Bb6 64.
a5 Bc7 65. a6 Bb6 66. f4 Kc7 67. Kd3 Kc6 68. Ke2 Kc7 69. Kf3 Kc6 70. Kg2 Kc7 71. Kh3 Kc6 72. Kh4 Kc7 73. Kg5 Kc6 74. Kf6 1-0

[Event "GrandPrix_29.05"]
[Site "Chess.com"]
[Date "2020.05.29"]
[Round "2"]
[White "swisspower96"]
[Black "SpasKozhuharov"]
[Result "0-1"]
[WhiteElo "2214"]
[BlackElo "2262"]
[TimeControl "600+2"]
[EndTime "9:59:32 PDT"]
[Termination "SpasKozhuharov won by resignation"]

1. d4 d5 2. c4 dxc4 3. Nf3 Nf6 4. e3 e6 5. Bxc4 a6 6. O-O b5 7. Bd3 Bb7 8. a4 b4 9. Nbd2 c5 10. a5 Nbd7 11. Nc4 Be7 12. Qe2 O-O 13. Nfe5 cxd4 14.
exd4 Rc8 15. Rd1 Nd5 16. Bd2 N7f6 17. Rac1 Rc7 18. Ra1 Qa8 19. Nb6 Qa7 20. Nec4 Nd7 21. Nxd5 Bxd5 22. Bf4 Rcc8 23. Ne3 Bb7 24. Nf5 Rfe8 25.
Nxe7+ Rxe7 26. Bd6 Ree8 27. Bxb4 Bxg2 28. Kxg2 Qb7+ 29. Qe4 Qxb4 30. Qxh7+ Kf8 31. Bxa6 Nf6 32. Qh4 Ra8 33. Be2 Rxa5 34. Rxa5 Qxa5 35. Rd3 Qb4 36. b3 Rd8 37. Qf4 Nd5 38. Qh4 Qd6 39. Rf3 Nf6 40.
Rg3 Qxd4 41. Qh8+ Ng8 42. Bd3 g6 43. Qxd4 Rxd4 44. Bc4 Nf6 45. Rc3 Rd2 46. Kf3 Ke7 47.
b4 Kd6 48. b5 Rb2 49. Bf1 Nd5 50. Rc6+ Ke5 51. Ra6 g5 52. h3 f5 53. Ra3 Nc7 54.
Rc3 Nd5 55. Ra3 Kd4 56. Ra6 e5 57. Ra4+ Kc5 58. Rc4+ Kd6 59. Rc6+ Kd7 60. Bc4 e4+ 61. Kg3 Nc7 62. Rg6 f4+ 63. Kg2 e3 64. b6 Ne8 65.
Kf1 Rxf2+ 66. Ke1 Rb2 67. Rxg5 Rxb6 68. Bb5+ Kd8 69. Bxe8 Kxe8 70. Ke2 Rb2+ 71. Kd3 Rf2 72. h4 Ke7 73. h5 Kf6 74. Rg6+ Kf5 75. Rg8 Rd2+ 76.
Kc3 Rh2 77. Rh8 Ke4 78. h6 Kf3 79. h7 Rh1 80. Kd3 e2 81. Re8 Rxh7 0-1

[Event "GrandPrix_29.05"]
[Site "Chess.com"]
[Date "2020.05.29"]
[Round "2"]
[White "Cocolino12"]
[Black "rusuvlad95"]
[Result "0-1"]
[WhiteElo "2350"]
[BlackElo "2110"]
[TimeControl "600+2"]
[EndTime "9:59:37 PDT"]
[Termination "rusuvlad95 won by resignation"]

1. e4 e5 2. Nf3 Nc6 3. Nc3 Nf6 4. Bb5 Bb4 5. O-O d6 6. d4 O-O 7. Bg5 Bxc3 8. bxc3 h6 9. Bh4 Qe7 10. Re1 Bg4 11.
h3 Bh5 12. g4 Bg6 13. d5 Nb8 14. Bd3 Nbd7 15. Bg3 Nc5 16. Nd2 c6 17. c4 h5 18.
f3 Nfd7 19. Nf1 Na4 20. Ne3 Qf6 21. Nf5 Bxf5 22. exf5 cxd5 23. cxd5 hxg4 24. fxg4 Nc3 25. Qd2 e4 26. Bf1 Ne5 27. Bg2 Rac8 28. Kh1 Nf3 29.
Bxf3 exf3 30. Rf1 Ne4 31. Qf4 Nxg3+ 32. Qxg3 Rxc2 33. Qxf3 Rc3 34. Qg2 Qh4 35. Rf3 Rfc8 36. Rxc3 Rxc3 37. Kh2 Qf6 38. Re1 Qd4 39. Kh1 Rd3 40.
Rf1 Rd2 41. Qf3 Qe5 42. Rf2 Rxd5 43. f6 Rd1+ 44. Kg2 Qe1 45. Kg3 g5 46. Qf5 Qe3+ 47.
Kg2 Rd2 48. Qc8+ Kh7 49. Rxd2 Qxd2+ 50. Kg3 Qf4+ 51. Kg2 Qe4+ 52. Kg3 Qd3+ 53. Kg2 Qd5+ 54. Kg3 Kg6 55. Qh8 Qe5+ 56. Kg2 Qxf6 57. Qg8+ Qg7 58.
Qc8 Qb2+ 59. Kg3 Qa3+ 60. Kg2 Qxa2+ 61. Kg3 Qe6 62. Qxb7 a5 63. Qb1+ Kh6 64. Qb8 Qf6 65. Qa8 Qf4+ 66. Kg2 a4 67. Qh8+ Kg6 68. Qg8+ Kf6 69.
Qd8+ Ke5 70. Qe8+ Kf6 71. Qd8+ Kg7 72. Qa8 Qd2+ 73. Kg3 Qd3+ 74. Kg2 a3 75. Qa5 d5 76.
Qd8 Qd2+ 77. Kg3 a2 78. Qa8 Qe1+ 79. Kf3 a1=Q 80. Qxd5 Qf1+ 81. Kg3 Qc3+ 0-1

[Event "GrandPrix_29.05"]
[Site "Chess.com"]
[Date "2020.05.29"]
[Round "2"]
[White "1stSecond"]
[Black "bedgasm"]
[Result "1-0"]
[WhiteElo "2608"]
[BlackElo "2253"]
[TimeControl "600+2"]
[EndTime "9:59:44 PDT"]
[Termination "1stSecond won by resignation"]

1. d4 Nf6 2. Nf3 d5 3. c4 g6 4. cxd5 Nxd5 5. h4 h6 6. e4 Nb6 7. h5 g5 8. Be3 Bg7 9. Nc3 Nc6 10. d5 Ne5 11. Bb5+ c6 12. Nxe5 cxb5 13. Bd4 b4 14.
Ne2 O-O 15. Nf3 e5 16. Bc5 Re8 17. Bxb4 f5 18. d6 fxe4 19. Nd2 Nd5 20. Nxe4 Nf4 21.
O-O a5 22. Bc5 Nxh5 23. N2c3 Nf4 24. Nd5 Nxd5 25. Qxd5+ Kh8 26. Rad1 Bd7 27. Qxb7 Rb8 28. Qc7 Rxb2 29. Rb1 Re2 30. Rfe1 Rxe1+ 31. Rxe1 Qxc7 32. dxc7 Rc8 33. Bd6 Kg8 34. Nc5 Bf5 35. f3 Kf7 36.
g4 Be6 37. Rb1 e4 38. Nxe4 Bd4+ 39. Kg2 Bxa2 40. Rb5 Be6 41. Rxa5 Bb6 42. Rb5 Bxc7 43. Rb7 Bd5 44. Rxc7+ Rxc7 45. Bxc7 Kg6 46. Ng3 Bb3 47. Kf2 Bd1 48. Bd8 Bb3 49. Nh5 Bd5 50. Kg3 Bc6 51.
Nf6 Bb7 52. Nd7 Ba8 53. Ne5+ Kg7 54. Ba5 Bd5 55. Bc3 Kh7 56. Nd7 Kg6 57. f4 gxf4+ 58. Kxf4 Bb7 59. Ne5+ Kh7 60. Kf5 Bc8+ 61. Kf6 Bb7 62.
Bd2 Bc8 63. Bf4 Bb7 64. Nf7 h5 65. gxh5 Bf3 66. h6 Be4 67. Nd6 Bd3 68. Nc8 Be4 69.
Nb6 Bd3 70. Nd7 Bc4 71. Ke7 Kg6 72. Ne5+ Kh7 73. Nxc4 1-0

[Event "GrandPrix_29.05"]
[Site "Chess.com"]
[Date "2020.05.29"]
[Round "2"]
[White "Tormoz"]
[Black "Vnebo"]
[Result "1/2-1/2"]
[WhiteElo "2562"]
[BlackElo "2180"]
[TimeControl "600+2"]
[EndTime "10:01:32 PDT"]
[Termination "Game drawn - insufficient material"]

1. d4 d5 2. Nf3 Nf6 3. c4 e6 4. g3 Be7 5. Bg2 O-O 6. Qc2 c6 7. O-O Nbd7 8. Rd1 b6 9. b3 Bb7 10. Nc3 Rc8 11. e4 dxe4 12. Nxe4 Nxe4 13. Qxe4 Nf6 14.
Qc2 Qc7 15. Bf4 Bd6 16. Bxd6 Qxd6 17. c5 Qc7 18. Ne5 Rfd8 19. Nc4 Rb8 20. a3 Ba6 21. Ne5 Rbc8 22. Nxc6 Re8 23. b4 Bb7 24. b5 a6 25.
a4 Nd5 26. Bxd5 exd5 27. cxb6 Qxb6 28. Rac1 h6 29. Qc5 Qxc5 30. Rxc5 axb5 31. axb5 Bxc6 32. bxc6 Re4 33. c7 Kf8 34. Rb1 Ke7 35. Rb8 Kd7 36.
Rxd5+ Kxc7 37. Rb2 Re1+ 38. Kg2 Rc1 39. Re2 Kc6 40. Rf5 Rc7 41. Re8 Kd6 42. Rd8+ Ke7 43.
Rg8 g6 44. Rf4 Rd7 45. Rg7 Ke8 46. Rg8+ Ke7 47. Kf3 Rd1 48. Ke3 Rd6 49. Ra8 Re6+ 50. Kf3 Rd3+ 51. Kg2 f5 52. h4 h5 53. Ra5 Rd6 54. Ra4 Kf6 55. Kf1 Re6 56. Ra2 Rd6 57. Ra4 Re6 58. Kg2 Rd6 59. Rb4 Kf7 60. Kf1 Re6 61.
Rc4 Kf6 62. Kg2 Rd6 63. f3 Rd2+ 64. Kh3 Re6 65. Rc1 Ree2 66. Rh1 Rd3 67. Rh2 Ree3 68.
Rf2 Re1 69. Kg2 Rdd1 70. g4 Rg1+ 71. Kh3 Rh1+ 72. Rh2 hxg4+ 73. fxg4 Rd3+ 74. Kg2 Rhd1 75. g5+ Ke6 76. h5 R1d2+ 77. Rf2 Rxf2+ 78. Kxf2 gxh5 79. Rh4 Kf7 80. Ke2 Rg3 81. Rxh5 Kg6 82. Rh8 Rxg5 83. Kf3 Kf6 84. Rh6+ Rg6 85. Rh5 Ke6 86. Rh8 Rg4 87. Rd8 Ke7 88. Rd5 Ke6 89. Re5+ Kf6 90. Ke3 Rg3+ 91.
Kf4 Rg4+ 92. Ke3 Rg3+ 93. Ke2 Ra3 94. Rb5 Rc3 95. Rb6+ Ke7 96. Kd2 Rf3 97. d5 Rg3 98. Re6+ Kd7 99. Rf6 Rf3 100. Ke2 Rh3 101. Rxf5 Kd6 102. Rg5 Ra3 103. Rh5 Rb3 104. Rg5 Ra3 105. Kd2 Ra5 106. Rg6+ Kd7 107. d6 Rd5+ 108. Ke3 Rxd6 109. Rxd6+ Kxd6 1/2-1/2